[ PARTIDA AOE2 · #476143178 ]
Team RMEslavos vs Franks
[ ANÁLISIS DE REPETICIÓN · EXTRAÍDO DE LA PARTIDA GRABADA ]
Feudal
—
Castillos
—
Imperial
—
| APM promedio | 10.0 |
| APM pico | 17 |
| eAPM promedio | 6.6 |
| Aldeanos / militares | 47 / 11 |
Foco
⚔️ 16.4% · 🌾 83.6%
Scout Cavalry ×9 · Militia ×2
Feudal
—
Castillos
—
Imperial
—
| APM promedio | 5.5 |
| APM pico | 18 |
| eAPM promedio | 3.8 |
| Aldeanos / militares | 20 / 2 |
Foco
⚔️ 5.9% · 🌾 94.1%
Spearman ×2
Feudal
—
Castillos
—
Imperial
—
| APM promedio | 9.6 |
| APM pico | 35 |
| eAPM promedio | 4.8 |
| Aldeanos / militares | 36 / 10 |
Foco
⚔️ 10.8% · 🌾 89.2%
Scout Cavalry ×10
Feudal
—
Castillos
—
Imperial
—
| APM promedio | 5.0 |
| APM pico | 15 |
| eAPM promedio | 4.0 |
| Aldeanos / militares | 22 / 0 |
Foco
⚔️ 5.4% · 🌾 94.6%
Feudal
—
Castillos
—
Imperial
—
| APM promedio | 6.4 |
| APM pico | 24 |
| eAPM promedio | 5.3 |
| Aldeanos / militares | 37 / 5 |
Foco
⚔️ 9.0% · 🌾 91.0%
Eagle Scout ×5
Feudal
—
Castillos
—
Imperial
—
| APM promedio | 0.3 |
| APM pico | 6 |
| eAPM promedio | 0.3 |
| Aldeanos / militares | 0 / 0 |
Mapa de la partida
Recursos iniciales + cada clic de construcción. Líneas = muros · curvas = relieve. ◆ oro · ⬟ piedra · ● bayas · ✦ reliquia · ◌ hueco del cierre
Tu base· Abierta — flanco sin cerrar
Base de emmaingratta· Abierta — flanco sin cerrar
Base de Axmanderson· Abierta — flanco sin cerrar
Base de Lollipop!· Abierta — hueco de 7t
Base de Palpatine3209· Abierta — hueco de 10t
Base de [MCC] Bacteria-Am· Abierta — flanco sin cerrar
Terreno inicial suavizado · ◌ = hueco del cierre detectado · pasá el cursor para detalles
Inputs por minuto
— jtm4518 - - emmaingratta
Build order — jtm4518
94 acciones detectadas en el replay
| 0:02 | Crear | Villager (Male) |
| 0:02 | Crear | Villager (Male) |
| 0:03 | Construir | House |
| 0:08 | Construir | House |
| 1:00 | Construir | Lumber Camp |
| 1:04 | Crear | Villager (Male) |
| 1:05 | Crear | Villager (Male) |
| 1:30 | Crear | Villager (Male) |
| 1:31 | Crear | Villager (Male) |
| 2:19 | Crear | Villager (Male) |
| 2:19 | Crear | Villager (Male) |
| 2:37 | Crear | Villager (Male) |
| 2:37 | Crear | Villager (Male) |
| 3:14 | Crear | Villager (Male) |
| 3:14 | Crear | Villager (Male) |
| 3:58 | Crear | Villager (Male) |
| 3:58 | Crear | Villager (Male) |
| 4:05 | Construir | House |
| 4:26 | Crear | Villager (Male) |
| 4:34 | Construir | Mill |
| 4:56 | Crear | Villager (Male) |
| 5:07 | Crear | Villager (Male) |
| 5:07 | Crear | Villager (Male) |
| 5:39 | Crear | Villager (Male) |
| 5:39 | Crear | Villager (Male) |
| 5:54 | Crear | Villager (Male) |
| 5:55 | Crear | Villager (Male) |
| 6:02 | Construir | House |
| 6:32 | Crear | Villager (Male) |
| 6:45 | Crear | Villager (Male) |
| 7:20 | Crear | Villager (Male) |
| 7:20 | Crear | Villager (Male) |
| 7:20 | Crear | Villager (Male) |
| 7:35 | Crear | Villager (Male) |
| 8:11 | Construir | House |
| 8:22 | Crear | Villager (Male) |
| 8:28 | Investigar | Loom |
| 9:15 | Crear | Villager (Male) |
| 9:43 | Investigar | Loom |
| 10:11 | Construir | Barracks |
| 10:23 | Investigar | Feudal Age |
| 10:23 | Investigar | Feudal Age |
| 11:17 | Crear | Villager (Male) |
| 11:17 | Crear | Villager (Male) |
| 12:01 | Construir | Lumber Camp |
| 12:12 | Construir | Mining Camp |
| 12:38 | Construir | Mining Camp |
| 12:41 | Investigar | Double-Bit Axe |
| 12:46 | Investigar | Horse Collar |
| 12:54 | Crear | Militia |
| 12:55 | Crear | Militia |
| 13:00 | Crear | Villager (Male) |
| 13:09 | Construir | Stable |
| 13:15 | Crear | Villager (Male) |
| 13:46 | Construir | Market |
| 13:52 | Construir | Blacksmith |
| 13:56 | Crear | Villager (Male) |
| 14:03 | Crear | Villager (Male) |
| 14:30 | Crear | Scout Cavalry ×8 |
| 14:30 | Crear | Scout Cavalry |
| 14:38 | Construir | Farm |
| 14:38 | Construir | Farm |
| 14:38 | Construir | Farm |
| 14:38 | Construir | Farm |
| 14:39 | Construir | Farm |
| 14:39 | Construir | Farm |
| 14:40 | Construir | Farm |
| 15:13 | Crear | Villager (Male) |
| 15:22 | Construir | Farm |
| 15:22 | Construir | Farm |
| 15:24 | Construir | Farm |
| 15:39 | Crear | Villager (Male) |
| 16:01 | Construir | Mill |
| 16:04 | Crear | Villager (Male) |
| 16:10 | Construir | House |
| 16:12 | Construir | House |
| 16:13 | Construir | House |
| 16:28 | Investigar | Bloodlines |
| 16:33 | Crear | Villager (Male) |
| 16:33 | Crear | Villager (Male) |
| 17:04 | Crear | Villager (Male) |
| 17:24 | Crear | Villager (Male) |
| 17:31 | Investigar | Forging |
| 17:45 | Construir | Farm |
| 19:01 | Crear | Villager (Male) |
| 19:01 | Crear | Villager (Male) |
| 19:03 | Investigar | Wheelbarrow |
| 19:09 | Construir | Stable |
| 19:13 | Construir | Stable |
| 19:24 | Investigar | Scale Barding Armor |
| 19:28 | Crear | Villager (Male) |
| 19:45 | Crear | Villager (Male) |
| 19:57 | Construir | Mining Camp |
| 19:59 | Investigar | Gold Mining |
Build order — emmaingratta
47 acciones detectadas en el replay
| 0:47 | Crear | Villager (Male) |
| 0:47 | Crear | Villager (Male) |
| 0:48 | Crear | Villager (Male) |
| 0:48 | Crear | Villager (Male) |
| 0:48 | Crear | Villager (Male) |
| 0:48 | Crear | Villager (Male) |
| 1:23 | Construir | House |
| 2:21 | Construir | House |
| 2:26 | Crear | Villager (Male) |
| 3:21 | Construir | Lumber Camp |
| 3:36 | Crear | Villager (Male) |
| 3:38 | Crear | Villager (Male) |
| 4:54 | Crear | Villager (Male) |
| 4:54 | Crear | Villager (Male) |
| 5:52 | Construir | Mill |
| 10:22 | Crear | Villager (Male) |
| 10:23 | Crear | Villager (Male) |
| 10:24 | Crear | Villager (Male) |
| 10:27 | Crear | Villager (Male) |
| 10:30 | Investigar | Feudal Age |
| 11:19 | Construir | Mining Camp |
| 11:37 | Crear | Villager (Male) |
| 11:44 | Construir | House |
| 12:20 | Construir | House |
| 12:26 | Crear | Villager (Male) |
| 12:26 | Crear | Villager (Male) |
| 12:28 | Crear | Villager (Male) |
| 13:03 | Construir | Farm |
| 13:05 | Construir | Farm |
| 13:07 | Construir | Farm |
| 13:09 | Construir | Farm |
| 13:11 | Construir | Farm |
| 13:14 | Construir | Farm |
| 13:17 | Construir | Farm |
| 13:20 | Construir | Farm |
| 13:21 | Construir | Farm |
| 13:22 | Construir | Farm |
| 14:32 | Construir | House |
| 15:16 | Crear | Villager (Male) |
| 15:27 | Construir | House |
| 16:04 | Construir | Blacksmith |
| 16:42 | Construir | House |
| 17:41 | Investigar | Double-Bit Axe |
| 19:09 | Construir | Barracks |
| 19:47 | Construir | Watch Tower |
| 19:50 | Crear | Spearman |
| 19:50 | Crear | Spearman |
Build order — Axmanderson
43 acciones detectadas en el replay
| 0:02 | Crear | Villager (Male) ×4 |
| 0:02 | Crear | Villager (Male) ×4 |
| 1:49 | Crear | Villager (Male) |
| 1:49 | Crear | Villager (Male) |
| 2:21 | Construir | Lumber Camp |
| 2:27 | Crear | Villager (Male) |
| 2:27 | Crear | Villager (Male) |
| 2:28 | Crear | Villager (Male) |
| 3:00 | Crear | Villager (Male) |
| 3:00 | Crear | Villager (Male) |
| 3:00 | Crear | Villager (Male) |
| 3:41 | Crear | Villager (Male) |
| 3:42 | Crear | Villager (Male) |
| 4:25 | Crear | Villager (Male) |
| 5:15 | Crear | Villager (Male) |
| 5:16 | Crear | Villager (Male) |
| 5:32 | Construir | Mill |
| 5:44 | Crear | Villager (Male) |
| 5:45 | Crear | Villager (Male) |
| 7:53 | Crear | Villager (Male) |
| 7:56 | Investigar | Loom |
| 8:15 | Investigar | Feudal Age |
| 9:00 | Construir | Mining Camp |
| 9:19 | Construir | Mining Camp |
| 9:22 | Crear | Villager (Male) |
| 10:10 | Crear | Villager (Male) ×5 |
| 10:34 | Crear | Villager (Male) |
| 10:49 | Construir | Barracks |
| 11:52 | Construir | Stable |
| 11:56 | Construir | Stable |
| 13:26 | Construir | Market |
| 14:03 | Crear | Scout Cavalry ×5 |
| 14:04 | Crear | Scout Cavalry ×4 |
| 14:23 | Crear | Scout Cavalry |
| 14:41 | Construir | Farm |
| 14:47 | Construir | Farm |
| 15:06 | Construir | Mill |
| 15:25 | Construir | Farm |
| 15:31 | Construir | Farm |
| 16:47 | Crear | Villager (Male) ×5 |
| 16:55 | Construir | Farm |
| 18:09 | Construir | Farm |
| 19:08 | Construir | Blacksmith |
Build order — Lollipop!
30 acciones detectadas en el replay
| 0:06 | Construir | House |
| 0:09 | Crear | Villager (Male) ×4 |
| 1:37 | Crear | Villager (Male) |
| 1:51 | Construir | House |
| 2:08 | Crear | Villager (Male) |
| 2:31 | Crear | Villager (Male) |
| 2:55 | Crear | Villager (Male) |
| 3:13 | Crear | Villager (Male) |
| 3:32 | Construir | House |
| 3:50 | Crear | Villager (Male) |
| 4:05 | Crear | Villager (Male) |
| 4:25 | Crear | Villager (Male) |
| 4:44 | Crear | Villager (Male) |
| 4:50 | Construir | Mill |
| 4:56 | Crear | Villager (Male) |
| 5:24 | Crear | Villager (Male) |
| 5:39 | Construir | House |
| 5:52 | Crear | Villager (Male) |
| 6:21 | Crear | Villager (Male) |
| 6:59 | Crear | Villager (Male) |
| 7:36 | Crear | Villager (Male) |
| 7:42 | Construir | House |
| 7:45 | Construir | Lumber Camp |
| 7:59 | Crear | Villager (Male) |
| 8:18 | Crear | Villager (Male) |
| 8:49 | Crear | Villager (Male) |
| 9:37 | Investigar | Feudal Age |
| 9:53 | Construir | Palisade Wall |
| 10:03 | Construir | Palisade Wall |
| 10:07 | Construir | Palisade Wall |
Build order — Palpatine3209
82 acciones detectadas en el replay
| 0:02 | Crear | Villager (Male) |
| 0:03 | Crear | Villager (Male) |
| 0:03 | Crear | Villager (Male) |
| 0:03 | Crear | Villager (Male) |
| 0:04 | Crear | Villager (Male) |
| 0:05 | Investigar | Loom |
| 0:11 | Construir | House |
| 0:16 | Construir | House |
| 0:35 | Construir | House |
| 0:36 | Construir | House |
| 0:36 | Construir | House |
| 0:38 | Construir | House |
| 0:39 | Construir | House |
| 0:39 | Construir | House |
| 0:40 | Construir | House |
| 0:40 | Construir | House |
| 0:44 | Construir | House |
| 1:24 | Construir | House |
| 1:46 | Crear | Villager (Male) |
| 2:31 | Crear | Villager (Male) |
| 2:39 | Crear | Villager (Male) |
| 3:20 | Crear | Villager (Male) |
| 3:22 | Crear | Villager (Male) |
| 3:59 | Crear | Villager (Male) |
| 3:59 | Crear | Villager (Male) |
| 4:45 | Crear | Villager (Male) |
| 4:45 | Crear | Villager (Male) |
| 5:25 | Construir | Mill |
| 5:50 | Crear | Villager (Male) |
| 5:50 | Crear | Villager (Male) |
| 6:29 | Crear | Villager (Male) |
| 6:48 | Construir | Lumber Camp |
| 6:53 | Crear | Villager (Male) |
| 6:53 | Crear | Villager (Male) |
| 7:17 | Crear | Villager (Male) |
| 7:29 | Crear | Villager (Male) |
| 7:39 | Crear | Villager (Male) |
| 8:13 | Crear | Villager (Male) |
| 8:20 | Crear | Villager (Male) |
| 8:34 | Crear | Villager (Male) |
| 8:36 | Crear | Villager (Male) |
| 10:42 | Crear | Villager (Male) |
| 10:42 | Crear | Villager (Male) |
| 11:28 | Investigar | Feudal Age |
| 13:11 | Construir | Barracks |
| 13:15 | Construir | Barracks |
| 13:22 | Construir | Barracks |
| 13:34 | Construir | Farm |
| 13:35 | Construir | Farm |
| 13:44 | Construir | Farm |
| 14:03 | Investigar | Wheelbarrow |
| 14:15 | Investigar | Double-Bit Axe |
| 14:56 | Crear | Villager (Male) |
| 14:56 | Crear | Villager (Male) |
| 14:57 | Crear | Villager (Male) |
| 14:58 | Crear | Villager (Male) |
| 15:08 | Construir | Farm |
| 15:09 | Construir | Farm |
| 15:10 | Construir | Farm |
| 15:12 | Construir | Farm |
| 15:19 | Construir | Farm |
| 15:52 | Construir | Farm |
| 15:58 | Construir | Farm |
| 16:31 | Crear | Villager (Male) |
| 16:31 | Crear | Villager (Male) |
| 16:31 | Crear | Villager (Male) |
| 16:43 | Construir | Mining Camp |
| 16:54 | Construir | Farm |
| 16:54 | Construir | Farm |
| 17:05 | Construir | Farm |
| 17:28 | Construir | Farm |
| 17:34 | Construir | Farm |
| 17:41 | Crear | Villager (Male) |
| 17:41 | Crear | Villager (Male) |
| 18:05 | Investigar | Horse Collar |
| 19:01 | Crear | Eagle Scout |
| 19:02 | Crear | Eagle Scout |
| 19:02 | Crear | Eagle Scout |
| 19:10 | Crear | Eagle Scout |
| 19:15 | Crear | Eagle Scout |
| 19:33 | Construir | Market |
| 19:56 | Investigar | Arson |
Build order — [MCC] Bacteria-Am
0 acciones detectadas en el replay
Cronología de la partida
| 8:21 | [MCC] Bacteria-Am · resign |
| 9:53 | Lollipop! · wall_segment Palisade Wall x8 |
| 10:03 | Lollipop! · wall_segment Palisade Wall x12 |
| 10:07 | Lollipop! · wall_segment Palisade Wall x6 |
| 10:11 | jtm4518 · first_building Barracks |
| 10:49 | Axmanderson · first_building Barracks |
| 11:52 | Axmanderson · first_building Stable |
| 13:09 | jtm4518 · first_building Stable |
| 13:11 | Palpatine3209 · first_building Barracks |
| 19:09 | emmaingratta · first_building Barracks |
| 20:02 | Palpatine3209 · first_market_sell 500 food |
[ ANÁLISIS IA · 1 CRÉDITO ]
¿Qué pasó realmente en esta partida?
Wolo.gg analiza cada decisión: build order, eco, micro, errores típicos por bracket. Análisis personalizado por WhatsApp o Discord en 30 segundos.
Guía civ
Eslavos
Guía mapa
Ghost Lake
Perfil
jtm4518